AoeStats
← porkchop8732

Glade

510546103Analyzed
1v1 RM · 24h ago on Oct 1, 2026· 39m 57s· 2 players
Game mode
Random Map
Map size
Tiny (2 player)
Population
200
Speed
Normal
Resources
Standard
Victory
Conquest
Starting age
Dark Age
Ending age
Imperial Age
RankedLock teamsTeams togetherTeam positionsShared explorationLock speedFull tech treeHidden civsTurbo modeCheats
Victory
Defeat
🇨🇭 Turks · Switzerland
1137
+17
🇺🇸 Bohemians · United States
1161
-17
Juanito
12:10 Feudal Age
16:39 Castle Age
14:53 Horse Collar
15:01 Double-Bit Axe
15:35 Gold Mining
17:01 Loom
21:44 Gold Shaft Mining
26:34 Imperial Age
26:04 Bow Saw
27:13 Wheelbarrow
27:44 Devotion
28:48 Scale Mail Armor
34:25 Two-Man Saw
porkchop8732
10:37 Feudal Age
12:15 Loom
14:51 Castle Age
13:39 Double-Bit Axe
19:42 Chemistry
27:32 Imperial Age
26:08 Redemption
27:29 Caravan
28:48 Fervor
29:30 Wheelbarrow
29:09 Horse Collar
32:18 Block Printing
33:25 Siege Engineers
33:42 Wagenburg Tactics
37:04 Padded Archer Armor
37:15 Heavy Plow
37:40 Bow Saw
39:14 Elite Skirmisher
Connection lost

Rejoining the realm…

Still unreachable

The connection could not be restored.

Session expired

The server has moved on; the page needs a fresh start.